 Dungeon Crawl Stone Soup version 0.29.0-4-gdea44cf6ec (webtiles) character file.

Game seed: 8592175130543341686

60 Woods the Insei (level 4, 0/34 HPs)
             Began as a Gnoll Transmuter on Aug 26, 2022.
             Slain by an orc wizard
             ... wielding a +0 dagger
              (2 damage)
             ... on level 3 of the Dungeon on Aug 27, 2022.
             The game lasted 00:03:29 (1758 turns).

Woods the Insei (Gnoll Transmuter)                  Turns: 1758, Time: 00:03:29

Health: 0/34       AC:  2    Str:  9    XL:     4   Next: 6%
Magic:  10/11      EV: 13    Int: 14    God:
Gold:   76         SH:  0    Dex: 13    Spells: 7/13 levels left

rFire   . . .      SeeInvis .     - Unarmed
rCold   . . .      Faith    .   (no shield)
rNeg    . . .      Spirit   .   a - +0 robe
rPois   .          Reflect  .   (no helmet)
rElec   .          Harm     .   (no cloak)
rCorr   .          Rampage  .   (no gloves)
Will    .....                   (no boots)
Stlth   ++........              (no amulet)
HPRegen 0.11/turn               (no ring)
MPRegen 0.12/turn               (no ring)

@: no status effects
A: fangs 1, strong nose, distributed training
a: no special abilities


You were on level 3 of the Dungeon.
You visited 1 branch of the dungeon, and saw 3 of its levels.

You collected 76 gold pieces.

Inventory:

Hand Weapons
 i - a +0 long sword
Armour
 a - a +0 robe (worn)
 c - a +0 chain mail
Scrolls
 e - a scroll of enchant armour {unknown}
 f - a scroll of noise {unknown}
 g - a scroll of identify {unknown}
 h - a scroll of blinking {unknown}
 l - a scroll of poison {unknown}
Potions
 b - a potion of lignification
 d - a potion of might {unknown}
 j - a potion of curing {unknown}
 k - a potion of flight {unknown}


   Skills:
 + Level 2.7 Fighting
 + Level 1.0 Short Blades
 + Level 1.0 Long Blades
 + Level 1.0 Axes
 + Level 1.0 Maces & Flails
 + Level 1.0 Polearms
 + Level 1.0 Staves
 + Level 1.0 Ranged Weapons
 + Level 1.0 Throwing
 + Level 1.0 Armour
 + Level 4.6 Dodging
 + Level 1.0 Stealth
 + Level 1.0 Shields
 + Level 6.6 Unarmed Combat
 + Level 5.0 Spellcasting
 + Level 0.8 Conjurations
 + Level 0.8 Hexes
 + Level 0.8 Summonings
 + Level 0.8 Necromancy
 + Level 0.8 Translocations
 + Level 3.8 Transmutations
 + Level 0.8 Fire Magic
 + Level 0.8 Ice Magic
 + Level 0.8 Air Magic
 + Level 0.8 Earth Magic
 + Level 0.8 Poison Magic
 + Level 1.1 Invocations
 + Level 1.0 Evocations


You had 7 spell levels left.
You knew the following spells:

 Your Spells              Type           Power      Damage    Failure   Level
a - Beastly Appendage     Tmut           28%        N/A       3%          1
b - Wereblood             Tmut           14%        N/A       5%          2
c - Spider Form           Tmut/Pois      10%        N/A       21%         3

Your spell library contained the following spells:

 Spells                   Type           Power      Damage    Failure   Level
 Ice Form                 Ice/Tmut       10%        N/A       54%         4


Dungeon Overview and Level Annotations

Branches:
Dungeon (3/15)

Altars:
Elyvilon


Innate Abilities, Weirdness & Mutations

You have very sharp teeth.
Your uncanny sense of smell can sniff out nearby items.
Your experience applies equally to all skills.


Message History

You hit the orc wizard.
You headbutt the orc wizard, but do no damage.
The orc wizard is heavily wounded.
The orc wizard mumbles some strange words.
The orc wizard flickers and vanishes!
Deactivating autopickup; reactivate with Ctrl-A.
The orc hits you with a +0 club.
You miss something. Your headbutt misses something. The orc barely misses you.
You hit the orc. You headbutt the orc.
You kill the orc!
The orc hits you with a +0 club.
You have reached level 4!
You feel agile.
You hit the orc. You headbutt the orc, but do no damage.
The orc is heavily wounded.
Your horns disappear.
Your talons disappear.
Something hits you. The orc barely misses you.
You barely miss the orc.
The orc is heavily wounded.
Something hits you. The orc hits you but does no damage.
You hit the orc but do no damage.
The orc is heavily wounded.
Something hits you. The orc hits you with a +0 club.
You closely miss the orc.
The orc is heavily wounded.
Something hits you.
* * * LOW HITPOINT WARNING * * *
The orc hits you with a +0 club.
* * * LOW HITPOINT WARNING * * *
Unknown command.
The orc attacks as you move away! The orc hits you with a +0 club.
* * * LOW HITPOINT WARNING * * *
You hear some strange, mumbled words.
Something tries to affect you, but you resist.
Something barely misses you.
You hit the orc.
You kill the orc!
You hit something. Your bite misses something. You barely miss something.
Your punch misses something. Something hits you.
You die...

.... # ... ..
..# ... ####..#
... .....# ..
....#
#.###).###.# #.#
#..@{......# #.#
#####..##### #.#
#..# #.# #..#
#.# #..# #.#
#..# #####.#
#..####.<.#.####
#.......#.......
#.#####.....####


There were no monsters in sight!

Vanquished Creatures
  2 adders (D:2)
  A worm (D:2)
  A dart slug (D:1)
  2 orcs (D:3)
  4 ball pythons
  2 endoplasms
  A giant cockroach (D:2)
  2 goblins (D:2)
  A hobgoblin (D:2)
  2 jackals (D:2)
  4 quokkas
  3 bats (D:2)
  4 frilled lizards (D:2)
  3 kobolds (D:2)
  A rat (D:2)
33 creatures vanquished.

Notes
Turn   | Place    | Note
-------+----------+-------------------------------------------
     0 | D:1      | Woods the Gnoll Transmuter began the quest for the Orb.
     0 | D:1      | Reached XP level 1. HP: 17/17 MP: 6/6
   171 | D:1      | Reached XP level 2. HP: 16/23 MP: 5/7
   851 | D:2      | Found a white marble altar of Elyvilon.
   855 | D:2      | Reached skill level 5 in Spellcasting
   855 | D:2      | Reached XP level 3. HP: 21/28 MP: 6/9
  1005 | D:2      | Reached skill level 1 in Invocations
  1010 | D:2      | Learned a level 2 spell: Wereblood
  1014 | D:2      | Learned a level 3 spell: Spider Form
  1030 | D:2      | Found a faded altar of an unknown god.
  1268 | D:2      | Reached skill level 1 in Short Blades
  1268 | D:2      | Reached skill level 1 in Long Blades
  1268 | D:2      | Reached skill level 1 in Axes
  1268 | D:2      | Reached skill level 1 in Maces & Flails
  1268 | D:2      | Reached skill level 1 in Polearms
  1268 | D:2      | Reached skill level 1 in Staves
  1268 | D:2      | Reached skill level 1 in Ranged Weapons
  1268 | D:2      | Reached skill level 1 in Throwing
  1268 | D:2      | Reached skill level 1 in Armour
  1268 | D:2      | Reached skill level 1 in Stealth
  1268 | D:2      | Reached skill level 1 in Shields
  1268 | D:2      | Reached skill level 1 in Evocations
  1750 | D:3      | Reached XP level 4. HP: 21/34 MP: 9/11
  1754 | D:3      | HP: 1/34 [orc/+0 club (3)]
  1758 | D:3      | Slain by an orc wizard

Illustrated notes

Levels and vault maps discovered:
D:1:      giann_bridges, layout_rooms, hangedman_abyss_or_decor_stabs
D:2:      layout_loops_ring, basic_altar, chequers_ecumenical_altar_island,
          reono_crystal_passage, minmay_pentomino_x4
D:3:      layout_loops_ring, fedhas_altar_4,
          nicolae_hepliaklqana_monster_ancestors,
          nicolae_gozag_cash_rules_everything_around_me

Skill      XL: |  1  2  3 |
---------------+----------+-----
Spellcasting   | 5 |  5.0
Invocations    | 1 |  1.1
Short Blades   | 1 |  1.0
Long Blades    | 1 |  1.0
Axes           | 1 |  1.0
Maces & Flails | 1 |  1.0
Polearms       | 1 |  1.0
Staves         | 1 |  1.0
Ranged Weapons | 1 |  1.0
Throwing       | 1 |  1.0
Armour         | 1 |  1.0
Stealth        | 1 |  1.0
Shields        | 1 |  1.0
Evocations     | 1 |  1.0
Fighting       | |  2.7
Dodging        | |  4.6
Unarmed Combat | |  6.6
Conjurations   | |  0.8
Hexes          | |  0.8
Summonings     | |  0.8
Necromancy     | |  0.8
Translocations | |  0.8
Transmutations | |  3.8
Fire Magic     | |  0.8
Ice Magic      | |  0.8
Air Magic      | |  0.8
Earth Magic    | |  0.8
Poison Magic   | |  0.8

Action                   |  1- 3 |  4- 6 || total
-------------------------+-------+-------++-------
Melee: Unarmed           |    74 |     7 ||    81
       Kick              |    14 |       ||    14
       Headbutt          |    14 |     1 ||    15
       Bite              |     4 |       ||     4
       Punch             |     2 |       ||     2
 Cast: Beastly Appendage |    22 |       ||    22
 Stab: Sleeping          |     2 |       ||     2
Armor: Robe              |    16 |     1 ||    17
Dodge: Dodged            |    40 |     2 ||    42
